 Dungeon Crawl Stone Soup version 0.24-a0-317-g5cb8de4b22 (webtiles) character file.

Game seed: 3714578464343526634

1508734 bmfx the Slayer (level 27, 242/242 HPs)
             Began as a Barachi Air Elementalist on May 16, 2019.
             Was the Champion of Ashenzari.
             Escaped with the Orb
             ... and 3 runes!
             The game lasted 06:10:06 (89258 turns).

bmfx the Slayer (Barachi Air Elementalist)         Turns: 89258, Time: 06:10:06

Health: 242/242    AC: 24    Str: 12    XL:     27
Magic:  48/48      EV: 34    Int: 28    God:    Ashenzari [******]
Gold:   6780       SH: 14    Dex: 13    Spells: 5/68 levels left

rFire    + + +     SeeInvis +   a - +9 broad axe (vamp) (curse) {!w}
rCold    + + .     Gourm    .   f - +1 shield "Boost" {rPois} (curse)
rNeg     . . .     Faith    .   e - +6 leather armour "Sic Kie" {Dex+3 Slay+2} (curse)
rPois    +         Spirit   .   j - +2 helmet {Int+3} (curse)
rElec    +         Reflect  .   v - +2 cloak {MR+} (curse)
rCorr    .         Harm     .   M - +2 pair of gloves (curse)
MR       ++++.     Clarity  +   s - +1 pair of boots of Watchfulness {rF++ Regen+} (curse)
Stlth    +.........             w - amulet of Eternal Harmony {RegenMP rElec rC++ Dex-2 SInv} (curse)
HPRegen  0.90/turn              L - +6 ring of evasion (curse)
MPRegen  0.56/turn              F - ring "Badaj" {rF+ MR+ Slay+2}

@: can't hop, deflect missiles, slow
A: +LOS, swims, blurry vision 1, clumsy 1, slowness 1, strong legs 2
0: Orb of Zot
}: 3/15 runes: barnacled, silver, gossamer
a: Hop, Curse Item, Scrying, Transfer Knowledge, Renounce Religion


You escaped.
You worshipped Ashenzari.
Ashenzari was exalted by your worship.
You were full.

You visited 11 branches of the dungeon, and saw 51 of its levels.
You visited 1 ziggurat, and saw 7 of its levels.
You also visited: Trove and Ice Cave.

You collected 10200 gold pieces.
You spent 3420 gold pieces at shops.


Innate Abilities, Weirdness & Mutations

Shadows flee at your approach. (+LOS)
You can swim through water.
You cover ground slowly.
You can hop long distances.
Scrolls take you a little longer to read.
You are clumsy. (Dex -2)

Dungeon Overview and Level Annotations

Branches:
Dungeon (15/15)            Temple (1/1) D:5            Lair (6/6) D:11
 Shoals (4/4) Lair:4       Spider (4/4) Lair:3        Slime (0/5) Lair:6
    Orc (2/2) D:10            Elf (3/3) Orc:2        Vaults (5/5) D:14
  Crypt (0/3) Vaults:2     Depths (5/5) D:15           Hell (1/1)
    Zot (5/5) Depths:5
    Dis: Hell:1         Geh: Hell:1         Coc: Hell:1         Tar: Hell:1

Altars:
Ashenzari
Cheibriados
Dithmenos
Elyvilon
Fedhas
Gozag
Hepliaklqana
Kikubaaqudgha
Makhleb
Nemelex Xobeh
Okawaru
Qazlal
Ru
Sif Muna
Trog
Uskayaw
Vehumet
Wu Jian
Xom
Yredelemnul
Zin
The Shining One
Beogh
Jiyva

Shops:
D:6 (   D:7 *   D:13 ?   Orc:2 =(%%   Elf:2 !   Shoals:1 =   Shoals:4 [
Vaults:2 [   Depths:1 %(=

Portals:
Hell: Depths:1 Depths:2 Depths:3 Depths:4 Depths:5
Abyss: Depths:1 Depths:2 Depths:3 Depths:4
Pandemonium: Depths:3 Depths:5

Annotations:
Orc:1 1 runed translucent door, P0WERM0DE's ghost, journeyman MiFi
Vaults:4 exclusion: stone giant, Boris
Zot:1 3 runed translucent doors, Shaidar's ghost, veteran MiBe
Zot:3 3 runed translucent doors, exclusion: golden dragon, Itiy's ghost, legendary GrEE


   Skills:
 - Level 25.5 Fighting
 - Level 17.2(21.0) Axes
 - Level 15.0 Armour
 - Level 22.1(25.5) Dodging
 - Level 1.7(4.8) Stealth
 - Level 12.3(15.0) Shields
 - Level 21.0 Spellcasting
 - Level 15.4(18.0) Conjurations
 - Level 3.5(6.2) Charms
 - Level 12.3(15.0) Summonings
 - Level 9.1(12.0) Translocations
 - Level 10.2(13.0) Fire Magic
 - Level 9.7(12.5) Air Magic
 + Level 3.3(6.0) Earth Magic
 - Level 9.1(12.0) Evocations


You had 5 spell levels left.
You knew the following spells:

 Your Spells              Type           Power        Failure   Level  Hunger
a - Apportation           Tloc           ######       0%          1    None
b - Blink                 Tloc           N/A          0%          2    None
m - Deflect Missiles      Chrm/Air       ######....   4%          6    None
o - Orb of Destruction    Conj           #######...   1%          7    ###....
r - Regeneration          Chrm/Necr      #####.....   1%          3    None
s - Swiftness             Chrm/Air       ######..     1%          2    None
A - Lesser Beckoning      Tloc           #######...   1%          3    None
B - Airstrike             Air            #######...   1%          4    None
C - Summon Lightning Spi  Summ/Air       #######.     1%          4    None
D - Passwall              Tmut/Erth      #####...     1%          2    None
E - Summon Mana Viper     Hex/Summ       ######..     1%          5    None
F - Malign Gateway        Summ/Tloc      #######...   4%          7    ###....
G - Spellforged Servitor  Conj/Summ      #######...   1%          7    ###....
J - Fireball              Conj/Fire      #######...   1%          5    None
K - Bolt of Magma         Conj/Fire/Erth #######...   1%          5    None

Your spell library contained the following spells:

 Spells                   Type           Power        Failure   Level  Hunger
 Flame Tongue             Conj/Fire      #####        0%          1    None
 Magic Dart               Conj           ####         0%          1    None
 Shock                    Conj/Air       ####         0%          1    None
 Summon Butterflies       Summ           #######.     0%          1    None
 Summon Small Mammal      Summ           ####         0%          1    None
 Searing Ray              Conj           ######       0%          2    None
 Throw Flame              Conj/Fire      ######       0%          2    None
 Call Canine Familiar     Summ           #######.     0%          3    None
 Conjure Flame            Conj/Fire      #######.     0%          3    None
 Static Discharge         Conj/Air       #######.     0%          3    None
 Iskenderun's Mystic Bla  Conj           #######.     0%          4    None
 Animate Skeleton         Necr           N/A          1%          1    None
 Beastly Appendage        Tmut           ####..       1%          1    None
 Confusing Touch          Hex            ####..       1%          1    None
 Corona                   Hex            ####...      1%          1    None
 Freeze                   Ice            ####         1%          1    None
 Pain                     Necr           ####         1%          1    None
 Corpse Rot               Necr           N/A          1%          2    None
 Ensorcelled Hibernation  Hex/Ice        ####..       1%          2    None
 Shroud of Golubria       Chrm/Tloc      ######....   1%          2    None
 Sublimation of Blood     Necr           ####......   1%          2    None
 Throw Frost              Conj/Ice       ######       1%          2    None
 Dazzling Spray           Conj/Hex       ######       1%          3    None
 Gell's Gravitas          Tloc           #######...   1%          3    None
 Inner Flame              Hex/Fire       ######..     1%          3    None
 Mephitic Cloud           Conj/Pois/Air  ######..     1%          3    None
 Ozocubu's Armour         Chrm/Ice       #####...     1%          3    None
 Portal Projectile        Hex/Tloc       ######       1%          3    None
 Stone Arrow              Conj/Erth      ######       1%          3    None
 Teleport Other           Tloc           #######.     1%          3    None
 Force Lance              Conj/Tloc      #######.     1%          4    None
 Fulminant Prism          Conj/Hex       ######....   1%          4    None
 Sticky Flame             Conj/Fire      #######.     1%          4    None
 Summon Ice Beast         Ice/Summ       ######..     1%          4    None
 Throw Icicle             Conj/Ice       ######..     1%          4    None
 Bolt of Draining         Conj/Necr      ######....   1%          5    None
 Iskenderun's Battlesphe  Conj/Chrm      #######.     1%          5    None
 Lightning Bolt           Conj/Air       #######...   1%          5    None
 Venom Bolt               Conj/Pois      ######....   1%          5    None
 Lee's Rapid Deconstruct  Erth           ######....   3%          5    None
 Confuse                  Hex            ####....     4%          3    None
 Tukima's Dance           Hex            ####....     4%          3    None
 Vampiric Draining        Necr           ####......   4%          3    None
 Leda's Liquefaction      Hex/Erth       #####.....   4%          4    None
 Petrify                  Tmut/Erth      #####...     4%          4    None
 Excruciating Wounds      Chrm/Necr      #####.....   11%         5    None
 Borgnjor's Vile Clutch   Necr/Erth      #####.....   12%         5    None
 Animate Dead             Necr           N/A          13%         4    None
 Ice Form                 Ice/Tmut       ####....     13%         4    None
 Agony                    Necr           ####....     36%         5    None
 Alistair's Intoxication  Tmut/Pois      ####....     36%         5    None
 Blade Hands              Tmut           ####......   36%         5    None
 Dispel Undead            Necr           ####....     36%         5    None
 Metabolic Englaciation   Hex/Ice        ####......   36%         5    None
 Yara's Violent Unravell  Hex/Tmut       ####......   36%         5    None
 Dispersal                Tloc           #######...   1%          6    None
 Iron Shot                Conj/Erth      #######...   1%          6    None
 Monstrous Menagerie      Summ           #######...   2%          7    ###....
 Summon Greater Demon     Summ           #######...   2%          7    ###....
 Summon Hydra             Summ           #######...   2%          7    ###....
 Freezing Cloud           Conj/Ice/Air   ######....   3%          6    None
 Summon Horrible Things   Summ           #######...   22%         8    #####..
 Statue Form              Tmut/Erth      #####....    54%         6    None
 Controlled Blink         Tloc           N/A          58%         8    #####..
 Disjunction              Tloc           #######...   58%         8    #####..
 Darkness                 Hex            ####......   90%         6    None
 Hydra Form               Tmut           ####......   90%         6    None
 Invisibility             Hex            ####....     90%         6    None
 Simulacrum               Ice/Necr       ####......   90%         6    None
 Passage of Golubria      Tloc           Unusable     N/A         4    N/A

Action                   |  1- 3 |  4- 6 |  7- 9 | 10-12 | 13-15 | 16-18 | 19-21 | 22-24 | 25-27 || total
-------------------------+-------+-------+-------+-------+-------+-------+-------+-------+-------++-------
Melee: Short sword       |     1 |     1 |    46 |    87 |       |       |       |       |       ||   135
       Broad axe         |       |       |       |   247 |  1128 |  1423 |  1200 |  1579 |  1411 ||  6988
Throw: Dart              |       |       |       |       |       |     6 |       |       |       ||     6
 Cast: Shock             |    67 |   111 |   242 |   483 |   233 |       |       |       |       ||  1136
       Swiftness         |     1 |       |     4 |       |       |       |       |       |       ||     5
       Airstrike         |       |     8 |    47 |   110 |   277 |   306 |    31 |    46 |   106 ||   931
       Static Discharge  |       |       |       |    17 |       |       |       |       |       ||    17
       Sticky Flame      |       |       |       |       |     1 |     6 |       |       |       ||     7
       Fireball          |       |       |       |       |       |   129 |    95 |    98 |    34 ||   356
       Apportation       |       |       |       |       |       |    20 |       |     3 |    11 ||    34
       Bolt of Magma     |       |       |       |       |       |       |    44 |    23 |    10 ||    77
       Spellforged Servi |       |       |       |       |       |       |    37 |    51 |    37 ||   125
       Summon Mana Viper |       |       |       |       |       |       |     4 |    17 |    15 ||    36
       Orb of Destructio |       |       |       |       |       |       |     5 |    28 |    16 ||    49
       Conjure Flame     |       |       |       |       |       |       |     1 |       |       ||     1
       Lesser Beckoning  |       |       |       |       |       |       |       |    11 |    21 ||    32
       Blink             |       |       |       |       |       |       |       |     1 |     1 ||     2
       Malign Gateway    |       |       |       |       |       |       |       |       |    33 ||    33
       Regeneration      |       |       |       |       |       |       |       |       |    12 ||    12
       Deflect Missiles  |       |       |       |       |       |       |       |       |     7 ||     7
       Summon Lightning  |       |       |       |       |       |       |       |       |    11 ||    11
       Passwall          |       |       |       |       |       |       |       |       |     2 ||     2
Invok: Curse Item        |       |     1 |       |     1 |     2 |     3 |     2 |     2 |     4 ||    15
       Scrying           |       |       |       |       |     1 |       |       |     1 |     2 ||     4
 Abil: Hop               |       |     1 |     6 |     1 |     8 |     2 |     4 |     7 |    10 ||    39
       Evoke Invisibilit |       |       |       |       |       |     9 |     5 |    12 |       ||    26
Evoke: Wand              |       |       |     2 |    26 |    34 |    35 |    20 |     2 |     2 ||   121
       Lightning rod     |       |       |       |       |       |       |       |     4 |     5 ||     9
       Lamp of fire      |       |       |       |       |       |       |       |       |     1 ||     1
  Use: Potion            |     1 |     1 |     6 |     2 |       |     4 |     1 |     3 |     9 ||    27
       Scroll            |       |     2 |     9 |    13 |    10 |    18 |     6 |     9 |    14 ||    81
 Stab: Sleeping          |       |     1 |       |     1 |     6 |     1 |     5 |     5 |     4 ||    23
       Invisible         |       |       |       |       |       |    26 |    38 |    29 |       ||    93
       Paralysed         |       |       |       |       |       |       |    10 |       |       ||    10
       Distracted        |       |       |       |       |       |       |    10 |     4 |    12 ||    26
       Petrified         |       |       |       |       |       |       |       |       |    11 ||    11
       Petrifying        |       |       |       |       |       |       |       |       |     3 ||     3
  Eat: Chunk             |     6 |    10 |     9 |    26 |    27 |    50 |    39 |    36 |    23 ||   226
       Ration            |       |     1 |     6 |     6 |    13 |    12 |     4 |     9 |    11 ||    62
Armor: Robe              |     5 |     7 |    24 |     6 |       |   110 |       |       |       ||   152
       Leather armour    |       |       |       |    90 |   127 |    21 |    36 |   175 |   204 ||   653
       Ring mail         |       |       |       |       |       |    34 |   227 |       |       ||   261
Dodge: Dodged            |    19 |    36 |   194 |   499 |   849 |  1299 |  1108 |  1434 |  1203 ||  6641
       Deflected         |       |       |       |       |       |       |       |       |    48 ||    48
Block: Buckler           |       |       |       |    93 |   243 |   308 |   264 |       |       ||   908
       Shield            |       |       |       |       |       |       |   129 |   923 |   762 ||  1814

Skill      XL: |  1  2  3  4  5  6  7  8  9 10 11 12 13 14 15 16 17 18 19 20 21 22 23 24 25 26 27 |
---------------+----------------------------------------------------------------------------------+-----
Fighting       | 1 2 3 4 8 9 13 18 19 21 24 25 | 25.5
Air Magic      | 4 5 7 8 9 |  9.7
Spellcasting   | 4 8 10 12 14 15 17 18 19 21 | 21.0
Dodging        | 3 6 7 8 10 12 13 15 16 18 19 20 22 | 22.1
Evocations     | 5 6 7 9 |  9.1
Shields        | 3 12 | 12.3
Axes           | 9 12 13 14 17 | 17.2
Armour         | 3 5 7 12 14 15 | 15.0
Conjurations   | 5 9 12 13 15 | 15.4
Fire Magic     | 4 8 9 10 | 10.2
Summonings     | 6 9 10 12 | 12.3
Translocations | 3 9 |  9.1
Charms         | 3 |  3.5
Earth Magic    | 3 |  3.3
Stealth        | |  1.7

Inventory:

Hand Weapons
 a - a cursed +9 vampiric broad axe (weapon) {!w}
Missiles
 C - 19 throwing nets (quivered) {!f}
Armour
 e - the cursed +6 leather armour "Sic Kie" (worn) {Dex+3 Slay+2}
   (You found it on level 3 of the Vaults)

   It affects your dexterity (+3).
   It affects your accuracy and damage with ranged weapons and melee attacks
   (+2).
   It has a curse placed upon it.
 f - the cursed +1 shield "Boost" (worn) {rPois}
   (You found it on level 5 of the Vaults)

   It protects you from poison.
   It has a curse placed upon it.
 j - a cursed +2 helmet of intelligence (worn)
 s - the cursed +1 pair of boots of Watchfulness (worn) {rF++ Regen+}
   (You bought it in a shop on level 4 of the Shoals)

   It greatly protects you from fire.
   It increases your rate of regeneration.
   It has a curse placed upon it.
 v - a cursed +2 cloak of magic resistance (worn)
 M - a cursed +2 pair of gloves (worn)
Jewellery
 w - the cursed amulet of Eternal Harmony (around neck) {RegenMP rElec rC++ Dex-2 SInv}
   (You found it in a treasure trove)

   [amulet of magic regeneration]

   It increases your magic regeneration.
   It affects your dexterity (-2).
   It greatly protects you from cold.
   It insulates you from electricity.
   It lets you see invisible.
   It has a curse placed upon it.
 y - a +5 ring of slaying
 z - the cursed ring "Senaehyi" {rN+ Str+3 Stlth+}
   (You found it in a treasure trove)

   [ring of stealth]

   It affects your strength (+3).
   It protects you from negative energy.
   It makes you more stealthy.
   It has a curse placed upon it.
 F - the ring "Badaj" (right hand) {rF+ MR+ Slay+2}
   (You found it on level 4 of a ziggurat)

   [ring of slaying]

   It affects your accuracy and damage with ranged weapons and melee attacks
   (+2).
   It protects you from fire.
   It affects your resistance to hostile enchantments.
 I - the cursed ring of Past Mistakes {rCorr rElec}
   (You found it in a treasure trove)

   [ring of resist corrosion]

   It insulates you from electricity.
   It has a curse placed upon it.
 K - the ring of Pride {+Fly rPois rC+ Str+3 Dex+3}
   (You bought it in a shop on level 2 of the Orcish Mines)

   [ring of strength]

   It affects your strength (+3).
   It affects your dexterity (+3).
   It protects you from cold.
   It protects you from poison.
   It lets you fly.
 L - a cursed +6 ring of evasion (left hand)
Wands
 r - a wand of enslavement (5)
 u - a wand of acid (32)
 H - a wand of digging (8)
 Q - a wand of clouds (6)
 R - a wand of iceblast (12)
 W - a wand of scattershot (6)
Scrolls
 b - 6 scrolls of blinking {@r2}
 i - 2 scrolls of summoning
 k - 33 scrolls of identify {@r3}
 l - 12 scrolls of fog
 m - 6 scrolls of remove curse {@r4}
 p - 3 scrolls of enchant weapon
 x - 26 scrolls of teleportation {@r1}
 G - 2 scrolls of silence
 J - 10 scrolls of magic mapping
 S - 4 scrolls of enchant armour
 X - 7 scrolls of fear
 Z - 2 scrolls of holy word
Potions
 h - 4 potions of magic
 n - 3 potions of resistance
 o - 4 potions of might
 q - 5 potions of berserk rage
 t - 2 potions of agility
 A - 17 potions of curing {@q2}
 B - 4 potions of mutation
 N - 2 potions of flight
 O - 11 potions of heal wounds {@q1}
 T - 9 potions of brilliance
 U - 3 potions of cancellation
 V - 4 potions of haste {@q4}
 Y - a potion of invisibility
Miscellaneous
 d - 3 phantom mirrors
 g - a phial of floods
 D - a lightning rod (4/4)
 E - a fan of gales
 P - a lamp of fire
Comestibles
 c - 55 rations

#.#{..#.##{#...#..
#.###{{##.##......
###.###.#.#..#....
#..#.###.##...#..#
#.##...#.#..#...#.
#..##.#.##..#..##.
#.#..#..#.#.....#.
#..###.##.##...#.#
#@#.##...##..#...#
##################


There were no monsters in sight!

Vanquished Creatures
  Mara (Spider:4)
  A juggernaut (Depths:3)
  2 ancient liches (Zot:5)
  Mennas (Vaults:4)
  Frederick (Depths:5)
  Nikola (Vaults:3)
  4 golden dragons
  The ghost of temitten the Warrior, an adept BaGl of Cheibriados (Vaults:3)
  the Enchantress (Depths:5)
  A doom hound (Zig:6)
  A lich (Depths:3)
  An Ice Fiend (D:4)
  11 tentacled monstrosities
  Rupert (Lair:3)
  2 deep elf master archers (Elf:3)
  13 Orb Guardians
  3 titans (Vaults:5)
  3 quicksilver dragons
  4 deep elf blademasters
  A sphinx (shapeshifter) (Depths:5)
  A death cob (Zot:4)
  Polyphemus (Shoals:3)
  6 sphinxes
  9 storm dragons
  A thorn hunter (Depths:4)
  6 tengu reavers
  8 shadow dragons
  A draconian monk (Zot:4)
  Ilsuiw (Shoals:3)
  2 iron dragons
  3 draconian knights
  11 vault wardens
  5 frost giants
  6 ghost moths
  2 balrugs
  An orc warlord (Orc:1)
  13 fire giants
  3 deep elf sorcerers
  2 juggernaut zombies
  6 draconian stormcallers
  An emperor scorpion (Spider:4)
  5 draconian shifters
  2 deep elf elementalists
  7 ironheart preservers
  3 draconian scorchers
  5 reapers
  The ghost of Fafec the Protected, a journeyman HaHu of Cheibriados (Lair:5)
  2 spriggan defenders (Depths:5)
  8 very ugly things
  A caustic shrike skeleton (Depths:3)
  13 stone giants
  6 deep elf demonologists
  7 entropy weavers
  6 green draconians
  2 vampire knights (Depths:5)
  3 dire elephants
  7 deep elf annihilators
  7 white draconians
  9 red draconians
  11 yellow draconians
  10 black draconians
  A lorocyproca (Depths:5)
  10 spark wasps
  9 purple draconians
  2 blizzard demons
  An eidolon (Vaults:3)
  11 merfolk impalers
  13 ettins
  4 merfolk javelineers
  2 jiangshi (Depths:2)
  11 fire dragons
  16 yaktaur captains
  Josephine (Lair:4)
  2 deep elf death magi
  6 rakshasas
  27 vault guards
  4 deep elf high priests
  10 ice dragons
  4 hydras
  Harold (Orc:1)
  12 great orbs of eyes
  Erolcha (Orc:2)
  7 spriggan air magi
  5 catoblepae
  12 ogre magi
  5 merfolk aquamancers
  3 alligator snapping turtles
  13 centaur warriors
  4 satyrs
  36 two-headed ogres
  A hell hog (Hell)
  5 merfolk avatars
  3 tengu warriors
  14 death yaks
  22 dancing weapons
  17 deep troll shamans
  A vampire mage (Depths:2)
  15 deep troll earth magi
  15 deep elf knights
  7 spriggan berserkers
  5 spriggans
  4 sun demons (Depths:1)
  7 hell knights
  4 large abominations (Depths:4)
  5 iron trolls
  3 soul eaters
  11 skeletal warriors
  2 shadow wraiths (Vaults:3)
  A sea snake (shapeshifter) (Vaults:5)
  7 unseen horrors
  2 obsidian statues (Zig:5)
  8 wizards
  16 sea snakes
  33 deep trolls
  2 phantasmal warriors (Vaults:5)
  A shadow dragon zombie (Depths:3)
  21 deep elf archers
  2 glowing orange brains (Depths:2)
  A flayed ghost (Depths:2)
  12 ironbrand convokers
  4 lindwurms (Lair:4)
  16 harpies
  An orb spider (shapeshifter) (Vaults:1)
  3 orc knights
  68 deep elf magi
  2 human zombies
  36 wolf spiders
  4 orc sorcerers
  33 ugly things
  A tengu skeleton (Vaults:1)
  13 orb spiders
  17 cyclopes
  A fire giant zombie (Vaults:5)
  A salamander (Depths:4)
  8 necromancers
  An oklob plant (Lair:5)
  A shadow dragon skeleton (Vaults:4)
  12 manticores
  13 elephants
  20 fauns
  A sphinx skeleton (Vaults:5)
  A water nymph (shapeshifter) (Vaults:5)
  A rust devil (Hell)
  5 black mambas
  23 moths of wrath
  17 merfolk sirens
  An ice statue (Zig:5)
  Joseph (D:8)
  4 water nymphs
  2 orange demons
  3 vault sentinels
  10 spiny frogs
  4 torpor snails
  2 smoke demons
  A gargoyle (D:14)
  5 spectral swamp worms
  3 molten gargoyles (Depths:4)
  3 rime drakes
  51 yaktaurs
  8 ice devils
  8 komodo dragons
  2 kobold demonologists
  An efreet (Zig:1)
  A rime drake (shapeshifter) (Elf:3)
  A tormentor (Zig:7)
  9 demonic crawlers
  2 hellwings
  4 freezing wraiths
  A troll (shapeshifter) (Vaults:3)
  4 polar bears
  5 tengu conjurers
  11 tyrant leeches (Spider:1)
  A hornet (shapeshifter) (Depths:2)
  24 jumping spiders
  25 merfolk
  A queen bee (Orc:1)
  A raiju (shapeshifter) (Vaults:1)
  A red devil (Depths:5)
  7 trolls
  A meliai (shapeshifter) (Vaults:3)
  7 wind drakes
  3 meliai (D:14)
  2 polar bears (shapeshifter)
  18 hornets
  12 blink frogs
  22 slime creatures
  A fire giant simulacrum (Vaults:4)
  13 hippogriffs
  11 snapping turtles
  An alligator skeleton (Hell)
  A snapping turtle (shapeshifter) (Depths:3)
  A redback (shapeshifter) (Vaults:5)
  The ghost of grizmgrazm2 the Fighter, an amateur GnWn (D:4)
  4 air elementals
  5 wraiths
  91 redbacks
  4 wyverns
  33 tarantellas
  A shadow (D:12)
  19 water elementals
  5 fire elementals
  A basilisk (shapeshifter) (D:14)
  4 basilisks (Lair:6)
  44 yaks
  A golden eye (shapeshifter) (Vaults:1)
  A chaos spawn (Depths:5)
  3 hungry ghosts
  A golden eye (Zig:4)
  9 vampire mosquitoes
  19 humans (D:14)
  An acid dragon (Vaults:2)
  A swamp worm (shapeshifter) (Vaults:5)
  3 soldier ants
  5 wargs
  4 swamp worms (Spider:1)
  14 water moccasins
  A floating eye (shapeshifter) (Zig:5)
  An acid dragon (shapeshifter) (Depths:2)
  A floating eye (Depths:3)
  2 hell hounds
  A hornet zombie (D:12)
  16 porcupines
  4 ice beasts
  16 orc warriors
  3 phantoms
  3 black bears
  5 necrophages (D:8)
  4 sky beasts
  61 ogres
  2 boggarts
  An elf zombie (Vaults:5)
  11 centaurs
  A small abomination (Depths:4)
  11 wolves
  12 crocodiles
  3 human skeletons
  4 big kobolds
  13 bullfrogs
  A glowing shapeshifter simulacrum (Vaults:1)
  A gnoll sergeant (D:10)
  A water moccasin zombie (D:5)
  9 earth elementals
  38 killer bees
  10 scorpions
  5 wights (D:13)
  An electric eel (Spider:1)
  4 bullfrog zombies
  21 crimson imps
  4 centaur zombies
  7 quasits
  6 hounds
  4 centaur skeletons
  3 jellies (D:10)
  17 orc priests
  2 bullfrog skeletons
  4 iguanas
  5 iron imps
  24 orc wizards
  9 worker ants
  2 hound zombies
  A hound skeleton (D:4)
  A worker ant zombie (D:7)
  16 gnolls
  16 adders
  4 shadow imps
  11 white imps
  6 ufetubi (IceCv)
  An adder zombie (D:6)
  2 oozes
  2 worms (D:2)
  5 dart slugs
  6 leopard geckos
  69 orcs
  7 giant cockroaches
  5 hobgoblins
  9 jackals
  21 kobolds
  5 quokkas
  2 ball pythons
  9 bats
  4 frilled lizards
  8 goblins
  A leopard gecko skeleton (D:2)
  6 rats
  2 fire vortices (Depths:4)
  4 fungi
  18 plants
2210 creatures vanquished.

Vanquished Creatures (collateral kills)
  3 ancient liches (Zot:5)
  4 orbs of fire (Zot:5)
  2 Killer Klowns
  Geryon (Hell)
  2 curse toes
  A pandemonium lord (Zig:2)
  A bone dragon (Depths:5)
  Arachne (Spider:3)
  2 electric golems
  2 liches
  A Tzitzimitl (Zig:6)
  6 tentacled monstrosities
  10 Orb Guardians
  2 quicksilver dragons
  A deep elf master archer (Elf:3)
  An acid blob (Zig:4)
  5 sphinxes
  A death cob (Zot:2)
  A thorn hunter (Depths:4)
  6 shadow dragons
  5 tengu reavers
  An azure jelly (Zig:4)
  5 storm dragons
  A fire giant (Vaults:5)
  7 vault wardens
  5 deep elf sorcerers
  2 balrugs (Depths:1)
  A ghost moth (Spider:3)
  2 frost giants
  4 deep elf elementalists (Elf:3)
  2 draconian stormcallers (Zot:3)
  A caustic shrike zombie (Depths:3)
  10 ironheart preservers
  A spriggan defender (Depths:5)
  3 reapers
  A caustic shrike skeleton (Zig:6)
  7 stone giants
  4 deep elf demonologists
  A black draconian (Depths:5)
  A vampire knight (Depths:3)
  6 deep elf annihilators (Elf:3)
  2 purple draconians (Depths:5)
  2 spark wasps (Depths:5)
  2 blizzard demons
  5 ettins
  An eidolon (Vaults:3)
  2 deep elf death magi
  4 fire dragons
  4 ogre magi
  3 yaktaur captains
  2 great orbs of eyes (Depths:1)
  A vault guard (Vaults:1)
  5 deep elf high priests
  2 rakshasas (Depths:1)
  6 ice dragons
  A centaur warrior (Vaults:3)
  3 death knights
  6 two-headed ogres
  A spriggan air mage (Depths:5)
  5 deep troll shamans
  7 dancing weapons
  2 hell hogs (Hell)
  A deep troll earth mage (Vaults:4)
  A spriggan berserker (Depths:3)
  2 tengu warriors
  4 hell knights
  A shock serpent (shapeshifter) (Depths:4)
  A deep elf knight (Vaults:4)
  2 shadow wraiths (Vaults:3)
  A sun demon (Depths:1)
  5 skeletal warriors
  A flayed ghost (Vaults:2)
  7 deep trolls
  7 deep elf archers
  An orange crystal statue (Zig:5)
  3 orc knights
  A phantasmal warrior (Vaults:3)
  A lindwurm (shapeshifter) (Vaults:5)
  3 harpies (Vaults:4)
  An orb spider (Spider:3)
  2 wolf spiders
  2 necromancers
  11 deep elf magi
  A shadow dragon skeleton (Depths:3)
  9 ugly things
  4 large abominations (Depths:4)
  8 vault sentinels
  3 rust devils (Hell)
  A water nymph (shapeshifter) (Zig:5)
  A smoke demon (Depths:1)
  12 yaktaurs
  5 freezing wraiths
  2 ice devils (Depths:1)
  4 red devils (Hell)
  A meliai (shapeshifter) (Vaults:3)
  2 tengu conjurers (Depths:1)
  A troll (Vaults:1)
  A redback (Vaults:4)
  2 shadows (Vaults:3)
  A wraith (Vaults:3)
  2 small abominations (Depths:4)
  7 water elementals
  A fire elemental (Depths:1)
  A golden eye (Zig:4)
  2 chaos spawn
  A hell hound (Hell)
  2 floating eyes
  An orc warrior (Vaults:3)
  An eye of draining (Zot:1)
  An ogre (Vaults:1)
  An iron imp (Hell)
  An orc wizard (Vaults:3)
  A worker ant (shapeshifter) (Depths:3)
  A white imp (Depths:1)
  A plant (Depths:2)
329 creatures vanquished.

Vanquished Creatures (others)
  An Orb Guardian (Zot:5)
  32 eldritch tentacles
  2 ironheart preservers
  A hydra (D:14)
  An ogre mage (Vaults:1)
  A dancing weapon (Elf:1)
  2 deep elf knights
  A shadow wraith (Vaults:1)
  3 deep elf magi
  A tengu conjurer (Depths:5)
  A tyrant leech (shapeshifter) (Vaults:5)
  A water elemental (Elf:2)
  An orc warrior (Vaults:3)
  2 hell hounds (Hell)
  An orc priest (Elf:1)
  4 white imps
  3 ufetubi (IceCv)
  2 orcs
  7 bushes
  A fire vortex (Depths:4)
  17 fungi
  42 plants
127 creatures vanquished.

Grand Total: 2666 creatures vanquished

Levels and vault maps discovered:
D:1:      erik_arrival_cave_to_civilisation [erik_arrival_cave_to_temple],
          layout_basic, minivault_26
D:2:      minmay_door_path, layout_basic, grunt_dithmenos_smoke_and_mirrors
D:3:      layout_basic, nicolae_ru_path_of_blood
D:4:      layout_basic, old_standard_altar, gammafunk_ghost_stat_death,
          first_ration, minmay_goblin_outpost
D:5:      layout_loops_cross, minmay_temple_entry_waves
D:6:      layout_cave_pools, dancing_weapons_uskayaw, lemuel_doored_altar,
          serial_shops, shop
D:7:      old_forge, layout_basic, serial_shops,
          nicolae_shop_overgrown_old_shop, grunt_ogre_cave
D:8:      cheibrodos_ideogram_h, layout_basic, fedhas_altar_decomposition,
          trog_ov_bears_minmay, zin_academy, slow_altar_1, dk_vineyard_3,
          uniq_joseph
D:9:      layout_loops_corners, evilmike_ruin_ashenzari
D:10:     layout_roguey, minmay_orc_entry_temple_small, grunt_ministairs_9
D:11:     layout_loops_ring, minmay_lair_entry_lava
D:12:     layout_rooms
D:13:     layout_long_grid, serial_shops,
          nicolae_shop_temple_entry_statues_fountains
D:14:     minmay_guarded_unrand_guard, layout_cave_pools,
          grunt_vaults_entry_tiered
D:15:     grunt_enter_depths_hoard, layout_rooms, kennysheep_crisscross
Temple:   cyrus_circular_temple
Lair:1:   layout_layer_cave, portal_ice_cave_demonic_guard, basic_altar,
          grunt_megastairs_1
Lair:2:   layout_roguey, basic_altar, serial_bayou_pond_a
Lair:3:   layout_hall_layers, spider_nest_entry_rubble, lemuel_centaur_altar,
          uniq_rupert
Lair:4:   layout_long_grid, shoals_dummy_entry, basic_altar,
          nicolae_quartered_pool_little, minmay_lindwurm_lava,
          infiniplex_staircase_pool_2, lemuel_fruit_tree
Lair:5:   dpeg_oklob_gauntlet, layout_regular_city, gammafunk_ghost_split,
          uniq_josephine
Lair:6:   grunt_lair_end_beastmaster, layout_long_grid,
          dpeg_slime_entry_enclosed_altar, bh_autumn_forest_stairs,
          kennysheep_basilisk_garden
Shoals:1: layout_shoals, serial_shops, nicolae_shop_crystal,
          lemuel_altar_in_water
Shoals:2: layout_shoals, st_cyclops
Shoals:3: layout_shoals, nicolae_shoals_so_close, uniq_ilsuiw, uniq_polyphemus
Shoals:4: shoals_end_hangedman, layout_shoals, serial_shops, nicolae_shop_stone,
          nicolae_shoals_siren_and_animal_friends
Spider:1: layout_spider_delve, worms_lemuel
Spider:2: layout_spider_delve
Spider:3: layout_spider_delve, uniq_arachne
Spider:4: grunt_spider_rune_parallel, uniq_mara
Orc:1:    layout_diamond_mine, gammafunk_ghost_grave, basic_altar, special_room
          [special_room_bee], mines1_david, uniq_harold
Orc:2:    st_orc_ogre_mass, layout_caves, basic_altar, uniq_erolcha
Elf:1:    layout_onion_city, orc_legates
Elf:2:    layout_geoelf_diagonals, serial_shops, shop,
          kennysheep_underground_church
Elf:3:    minmay_elf_hall_furrowed, layout_geoelf_diagonals, onia_ninara_cookie
Vaults:1: vaults_room_fours, nicolae_vaults_quadrants, v_pattern_1,
          nicolae_vaults_network_periphery, hangedman_vaults_stream,
          nicolae_vaults_little_squares_2, vaults_mumra_minichess,
          ontoclasm_vaults_tryst, vaults_mumra_hex, layout_vaults_omnigrid
Vaults:2: v_misc_2, ontoclasm_vaults_hangar, dpeg_vaults_waves,
          hangedman_vaults_pinch, nicolae_vaults_three_branches,
          minmay_crypt_entry_nasty_monster, vaults_dpeg_doors,
          vaults_dpeg_hooks, hangedman_vaults_stretched_pinwheel, v_misc_14,
          v_misc_19, layout_vaults_big_cross, serial_shops, nicolae_shop_trees
Vaults:3: gammafunk_vaults_ghost_spectres, dpeg_vaults_monster_row,
          hangedman_vaults_stagger, vaults_dpeg_diagonal,
          ontoclasm_vaults_hangar, v_misc_30, vaults_dpeg_encased_lava,
          nicolae_vaults_border_crossing, nicolae_vaults_little_squares_2,
          ontoclasm_vaults_spin, vaults_room_door_hall, vaults_room_door_ring,
          layout_vaults_maze, uniq_nikola
Vaults:4: v_rooms_1, vaults_room_pool, vaults_room_octagon, v_misc_2,
          vaults_room_fancy_cross, nicolae_vaults_little_squares_6,
          layout_vaults_big_room, enter_trove_2, uniq_mennas, uniq_boris
Vaults:5
Depths:1: layout_big_octagon, lightli_too_deep, kennysheep_decorative_pillar,
          abyss_entry, serial_shops, shop_statue, minmay_fire_ice_demons,
          minmay_shoptagon, firewood_loft, serial_bayou_shore_b,
          kennysheep_random_hallway
Depths:2: minmay_the_grid_4x2 [minmay_the_grid_minigrid_small_alt,
          minmay_the_grid_gridbox, minmay_the_grid_large_cup,
          minmay_the_grid_diamond_grid, minmay_the_grid_holed_spiral,
          minmay_the_grid_eight, minmay_the_grid_outer_diamond,
          minmay_the_grid_prize_diamond_cup], layout_cave_shapes, abyss_entry,
          minmay_door_square, serial_bayou, serial_bayou_pond_c,
          serial_bayou_shore_b, serial_bayou_crossing, serial_bayou_pond_e,
          serial_bayou_ford_a, serial_bayou_lake_a, pf_hell_entry_tar_river,
          nrook_pool_corridor
Depths:3: hangedman_cross_cluster, layout_cave_pools, hellmouth_1,
          hangedman_abyss_entry_splay, rand_demon_pan_entry_5
Depths:4: mu_elemental_laboratory, layout_cave_shapes, enter_ziggurat_c,
          minmay_fountain_box, minmay_room_of_horrors, hell_entry,
          infiniplex_staircase_pool_lava
Depths:5: grunt_x_marks_the_spot, layout_basic, grunt_hell_entry_dis_old,
          grunt_pan_entry_spiral, chequers_serial_rivers_micro_c,
          uniq_enchantress, uniq_frederick
Hell
Zot:1:    layout_cathedral_of_symmetry, gammafunk_ghost_tricky_traps,
          grunt_megastairs_4
Zot:2:    layout_misc_corridors
Zot:3:    layout_gridlike, gammafunk_ghost_split, nicolae_lava_and_water
Zot:4:    layout_basic
Zot:5:    layout_misc_corridors


Message History

Hop to where?
Press: ? - help, Dir - move target cursor Boing!
The Hell Sentinel moves out of view.
(D) Dungeon (T) Temple (L) Lair (A) Shoals (N) Spider Nest (M) Slime Pits (O) Orcish Mines (E) Elven Halls (V) Vaults (C) Crypt (U) Depths (H) Hell (Z) Zot
Where to? (Enter - D:1 @ (x,y), ? - help)
There is a stone staircase leading up here.
You climb upwards.
There is a stone staircase leading down here.
Magic restored.
There is a stone staircase leading up here.
You climb upwards.
There is a stone staircase leading down here.
The hobgoblin shouts!
You hear a shout!
You see here 13 arrows.
You sense a monster nearby.
There is a staircase leading out of the dungeon here.
You have escaped!

Notes
Turn   | Place    | Note
-------+----------+-------------------------------------------
     0 | D:1      | bmfx the Barachi Air Elementalist began the quest for the
                  | Orb.
     0 | D:1      | Reached XP level 1. HP: 13/13 MP: 3/3
   198 | D:1      | Reached skill level 1 in Fighting
   236 | D:1      | Reached XP level 2. HP: 21/21 MP: 1/5
  1038 | D:1      | Reached XP level 3. HP: 27/27 MP: 3/6
  1082 | D:1      | Learned a level 2 spell: Swiftness
  1120 | D:2      | Noticed a scorpion
  1262 | D:2      | Reached skill level 2 in Fighting
  1577 | D:2      | Found a shadowy altar of Dithmenos.
  2445 | D:2      | Reached XP level 4. HP: 31/34 MP: 4/8
  2451 | D:2      | Learned a level 4 spell: Airstrike
  2783 | D:3      | Found a sacrificial altar of Ru.
  3167 | D:3      | Reached skill level 3 in Fighting
  3167 | D:3      | Reached XP level 5. HP: 41/41 MP: 0/9
  3832 | D:3      | Reached skill level 5 in Air Magic
  4263 | D:4      | Noticed a phantom
  4361 | D:3      | Reached skill level 4 in Fighting
  4425 | D:5      | Entered Level 5 of the Dungeon
  4511 | D:5      | Reached XP level 6. HP: 39/48 MP: 6/10
  4959 | D:5      | Found a staircase to the Ecumenical Temple.
  4969 | Temple   | Entered the Ecumenical Temple
  5029 | Temple   | Became a worshipper of Ashenzari the Shackled
  5217 | D:5      | Reached XP level 7. HP: 54/54 MP: 5/11
  5524 | D:6      | Noticed a +0 hand axe
  5524 | D:6      | Noticed a +0 hand axe
  5525 | D:6      | Found a hide-covered altar of Uskayaw.
  5538 | D:6      | Found a radiant altar of Vehumet.
  5659 | D:6      | Found Kemyatwa's Weapon Shop.
  5831 | D:6      | Got the uncursed robe "Jeeceuti" {Dex+3 Stlth+}
  5842 | D:6      | Identified the +1 robe "Jeeceuti" {Dex+3 Stlth+} (You found
                  | it on level 6 of the Dungeon)
  6593 | D:7      | Found Mih Hotsooli's Assorted Antiques.
  6609 | D:7      | Reached XP level 8. HP: 55/60 MP: 7/14
  6666 | D:7      | Bought a scroll labeled FOGAJY AWKAO for 27 gold pieces
  6666 | D:7      | Bought a scroll labeled TUAZXO IZIFFOI for 27 gold pieces
  6666 | D:7      | Bought a tapered ivory wand for 108 gold pieces
  6873 | D:7      | Reached skill level 1 in Evocations
  7282 | D:7      | Reached skill level 5 in Dodging
  8104 | D:5      | Reached * piety under Ashenzari
  8674 | D:4      | Found a transporter.
  8835 | D:4      | Noticed grizmgrazm2's ghost (amateur GnWn)
  9070 | D:4      | Found a sparkling altar of Nemelex Xobeh.
  9130 | D:4      | Reached skill level 5 in Evocations
  9130 | D:4      | Reached XP level 9. HP: 65/65 MP: 7/15
  9428 | D:4      | Found a transporter.
 10246 | D:8      | Found a glowing silver altar of Zin.
 10450 | D:8      | Noticed Joseph
 10462 | D:7      | Learned a level 3 spell: Static Discharge
 10845 | D:8      | Found a bloodstained altar of Trog.
 10995 | D:8      | Reached skill level 5 in Spellcasting
 11353 | D:8      | Noticed a hornet
 11356 | D:8      | Killed a hornet
 11473 | D:8      | Reached XP level 10. HP: 71/71 MP: 2/22
 11485 | D:8      | Noticed a cyclops
 11492 | D:8      | Killed a cyclops
 11538 | D:8      | Reached skill level 5 in Fighting
 12287 | D:8      | Reached skill level 6 in Fighting
 12577 | D:8      | Found a snail-covered altar of Cheibriados.
 12825 | D:8      | Found a blossoming altar of Fedhas.
 13097 | D:8      | Killed Joseph
 13097 | D:8      | Reached skill level 7 in Fighting
 13740 | D:9      | Reached skill level 8 in Fighting
 13924 | D:9      | Reached skill level 10 in Spellcasting
 13989 | D:9      | Reached XP level 11. HP: 70/86 MP: 17/25
 14330 | D:9      | Found a shattered altar of Ashenzari.
 14829 | D:10     | Entered Level 10 of the Dungeon
 14956 | D:10     | Reached ** piety under Ashenzari
 15044 | D:10     | Killed an unseen horror
 15988 | D:10     | Found a staircase to the Orcish Mines.
 16104 | D:10     | Found a roughly hewn altar of Beogh.
 16417 | D:11     | Reached skill level 1 in Shields
 16532 | D:11     | Noticed a brown ugly thing
 16537 | D:11     | Killed a brown ugly thing
 16768 | D:11     | Reached skill level 10 in Dodging
 16775 | D:11     | Noticed a fire dragon
 16828 | D:11     | Killed a fire dragon
 17065 | D:11     | Found a staircase to the Lair.
 17419 | D:11     | Noticed a purple ugly thing
 17424 | D:11     | Killed a purple ugly thing
 17424 | D:11     | Reached skill level 9 in Fighting
 17534 | D:11     | Reached XP level 12. HP: 96/96 MP: 14/26
 17734 | D:11     | Reached skill level 1 in Axes
 17942 | Lair:1   | Entered Level 1 of the Lair of Beasts
 18072 | Lair:1   | Found a frozen archway.
 18273 | IceCv    | Entered an ice cave
 18539 | Lair:1   | Found a shadowy altar of Dithmenos.
 18729 | Lair:1   | Reached skill level 5 in Axes
 19234 | Lair:1   | Reached *** piety under Ashenzari
 21278 | Lair:2   | Found a snail-covered altar of Cheibriados.
 21679 | Lair:3   | Found a hole to the Spider Nest.
 21723 | Lair:3   | Noticed a seven-headed hydra
 21728 | Lair:3   | Killed a seven-headed hydra
 21811 | Lair:3   | Found a blossoming altar of Fedhas.
 22382 | Lair:3   | Noticed a six-headed hydra
 22388 | Lair:3   | Killed a six-headed hydra
 22388 | Lair:3   | Gained mutation: You can hop long distances. [Barachi
                  | growth]
 22388 | Lair:3   | Reached XP level 13. HP: 103/103 MP: 3/27
 22673 | Lair:3   | Noticed Rupert
 22763 | Lair:4   | Reached skill level 10 in Fighting
 22897 | Lair:4   | Identified the amulet of the Voivode {Inacc rF+ Str+2 Int-4
                  | Dex+7}
 23082 | Lair:4   | Reached skill level 10 in Axes
 23112 | Lair:4   | Reached **** piety under Ashenzari
 23713 | Lair:4   | Found a staircase to the Shoals.
 23797 | Lair:4   | Found a bloodstained altar of Trog.
 24033 | Lair:5   | Noticed Josephine
 24290 | Lair:5   | Noticed Fafec's ghost (journeyman HaHu)
 24293 | Lair:5   | Noticed a dire elephant
 24298 | Lair:5   | Reached skill level 11 in Fighting
 24811 | Lair:5   | Found a runed translucent gate.
 24811 | Lair:5   | Found a runed translucent gate.
 24811 | Lair:5   | Found a runed translucent gate.
 25362 | Lair:5   | Reached skill level 12 in Fighting
 25771 | Lair:6   | Entered Level 6 of the Lair of Beasts
 26041 | Lair:6   | Reached skill level 13 in Fighting
 26147 | Lair:6   | Reached XP level 14. HP: 118/118 MP: 11/28
 26541 | Lair:6   | Found a viscous altar of Jiyva.
 26541 | Lair:6   | Found a staircase to the Slime Pits.
 26571 | Lair:6   | Reached ***** piety under Ashenzari
 26742 | Lair:6   | Reached skill level 14 in Fighting
 27386 | Lair:6   | Reached skill level 15 in Fighting
 27462 | Lair:6   | Reached skill level 1 in Armour
 28331 | Lair:6   | Noticed a dire elephant
 28716 | D:8      | Reached skill level 16 in Fighting
 29454 | D:12     | Reached skill level 17 in Fighting
 29785 | D:13     | Found Sovoxig's Magic Scroll Emporium.
 29794 | D:13     | Bought a scroll of enchant weapon for 105 gold pieces
 30294 | D:13     | Reached skill level 18 in Fighting
 31077 | D:13     | Identified the +0 robe of an ice cave {-Tele Int+7}
 32039 | Orc:1    | Entered Level 1 of the Orcish Mines
 32039 | Orc:1    | Found a runed translucent door.
 32039 | Orc:1    | Noticed P0WERM0DE's ghost (journeyman MiFi)
 32327 | Orc:1    | Noticed an orc warlord
 32343 | Orc:1    | Killed an orc warlord
 32343 | Orc:1    | Reached XP level 15. HP: 120/137 MP: 29/29
 32808 | Orc:1    | Found a roughly hewn altar of Beogh.
 32869 | Orc:1    | Found a roughly hewn altar of Beogh.
 33444 | Orc:1    | Noticed Harold
 33477 | Orc:1    | Killed Harold
 33610 | Orc:2    | Entered Level 2 of the Orcish Mines
 33664 | Orc:2    | Found a staircase to the Elven Halls.
 33719 | Orc:2    | Noticed Erolcha
 33730 | Orc:2    | Learned a level 3 spell: Conjure Flame
 33779 | Orc:2    | Found a roughly hewn altar of Beogh.
 33845 | Orc:2    | Killed Erolcha
 34769 | Orc:2    | Reached skill level 15 in Dodging
 35472 | Orc:2    | Found Duggoaf's Weapon Emporium.
 35472 | Orc:2    | Found Ketzag's Jewellery Boutique.
 35473 | Orc:2    | Found Binwoce's Food Shop.
 35473 | Orc:2    | Found Mic Qivo's Food Emporium.
 35482 | Orc:2    | Bought the ring of Pride {+Fly rPois rC+ Str+3 Dex+3} for
                  | 549 gold pieces
 35482 | Orc:2    | Bought a +4 ring of evasion for 468 gold pieces
 35761 | Lair:3   | Reached skill level 5 in Armour
 35958 | Spider:1 | Entered Level 1 of the Spider Nest
 36604 | Spider:1 | Learned a level 4 spell: Sticky Flame
 36610 | Spider:1 | Learned a level 5 spell: Fireball
 36756 | Spider:1 | Reached skill level 1 in Fire Magic
 37003 | Spider:1 | Reached skill level 5 in Conjurations
 38286 | Spider:1 | Reached XP level 16. HP: 127/145 MP: 20/30
 39042 | Spider:1 | Reached skill level 5 in Fire Magic
 39097 | Spider:1 | Learned a level 1 spell: Apportation
 40352 | Spider:2 | Identified a scroll of acquirement
 40389 | Spider:2 | Got the cursed robe of Sieganuh {+Inv rPois rN+}
 40390 | Spider:2 | Identified the cursed +1 robe of Sieganuh {+Inv rPois rN+}
                  | (You acquired it on level 2 of the Spider Nest)
 40976 | Spider:2 | Identified the +3 falchion of Destruction {holy, rPois rF+
                  | MP+9}
 43160 | Spider:3 | Noticed Arachne
 43210 | Spider:4 | Entered Level 4 of the Spider Nest
 43922 | Spider:4 | Learned a level 7 spell: Spellforged Servitor
 44004 | Spider:4 | Reached skill level 1 in Summonings
 44698 | Spider:4 | Reached skill level 5 in Summonings
 45175 | Spider:4 | Noticed Mara
 45448 | Lair:4   | Found a staircase to the Shoals.
 45500 | Lair:4   | Found a bloodstained altar of Trog.
 45615 | Lair:4   | Killed Josephine
 45890 | Lair:4   | Found the +12 glaive of Prune {chop}
 46145 | D:4      | Killed grizmgrazm2's ghost
 46556 | D:14     | Reached XP level 17. HP: 148/151 MP: 15/31
 47102 | D:14     | Noticed a sphinx
 47113 | D:14     | Killed a sphinx
 47325 | D:14     | Found the +8 glaive of the Guard {elec, +Rage AC+5 SInv}
 47790 | D:14     | Found a gate to the Vaults.
 47860 | D:15     | Entered Level 15 of the Dungeon
 48003 | D:15     | Identified the Papyrus of the Creative Mountains
 48655 | D:15     | Found a staircase to the Depths.
 49025 | Shoals:1 | Entered Level 1 of the Shoals
 49093 | Shoals:1 | Reached skill level 10 in Conjurations
 49294 | Shoals:1 | Found a radiant altar of Vehumet.
 49299 | Shoals:1 | Found Heonnal's Jewellery Shoppe.
 49659 | Shoals:1 | Identified the +2 ring mail "Xymut" {+Blink rElec rF++ rC-}
 51267 | Shoals:2 | Reached ****** piety under Ashenzari
 51347 | Shoals:2 | Reached XP level 18. HP: 158/158 MP: 34/34
 52953 | Shoals:3 | Noticed Polyphemus
 53165 | Shoals:3 | Killed Polyphemus
 53597 | Shoals:3 | Identified the ring "Tewewk" {*Drain +Inv rElec rF++ Str+4}
 53827 | Shoals:3 | Noticed Ilsuiw
 53839 | Shoals:3 | Killed Ilsuiw
 54220 | Shoals:4 | Entered Level 4 of the Shoals
 55026 | Shoals:4 | Found Veacvah's Armour Boutique.
 55054 | Shoals:4 | Bought the +1 pair of boots of Watchfulness {rF++ Regen+}
                  | for 544 gold pieces
 55067 | Shoals:4 | Bought the +7 ring mail of Impermeability {Int+3} for 836
                  | gold pieces
 55625 | Shoals:4 | Got a barnacled rune of Zot
 55811 | Shoals:4 | Reached XP level 19. HP: 150/164 MP: 26/37
 56069 | Lair:5   | Killed Fafec's ghost
 56069 | Lair:5   | Reached skill level 15 in Spellcasting
 56268 | Lair:3   | Paralysed by Rupert for 2 turns
 56270 | Lair:3   | Killed Rupert
 56420 | Spider:3 | Killed Arachne
 56814 | Spider:4 | Noticed bmfx's illusion
 56965 | Spider:4 | Killed Mara
 56965 | Spider:4 | Reached skill level 10 in Armour
 57673 | Spider:4 | Got a gossamer rune of Zot
 57768 | Spider:4 | Learned a level 5 spell: Summon Mana Viper
 57774 | Spider:4 | Learned a level 5 spell: Bolt of Magma
 58142 | Vaults:1 | Entered Level 1 of the Vaults
 58231 | Vaults:1 | Paralysed by a sphinx for 7 turns
 59019 | Vaults:1 | Reached XP level 20. HP: 163/172 MP: 26/39
 60134 | Vaults:2 | Learned a level 7 spell: Orb of Destruction
 60642 | Vaults:2 | Reached skill level 15 in Conjurations
 61123 | Vaults:2 | Found a staircase to the Crypt.
 61239 | Vaults:2 | Found Fuamnaug's Antique Armour Boutique.
 62303 | Vaults:3 | Reached XP level 21. HP: 144/178 MP: 37/42
 62500 | Vaults:3 | Found a runed translucent gate.
 62500 | Vaults:3 | Noticed temitten's ghost (adept BaGl)
 62501 | Vaults:3 | Found a runed translucent gate.
 62501 | Vaults:3 | Found a runed translucent gate.
 62502 | Vaults:3 | Identified the +3 cloak "Nudghuih" {rF+ rC- Str+3 Stlth+}
 62848 | Vaults:3 | Reached skill level 5 in Shields
 62858 | Vaults:3 | Identified the ring "Dagaurph" {Wiz rC++ MR- Str+6}
 62937 | Vaults:3 | Noticed Nikola
 62960 | Vaults:3 | Killed Nikola
 63000 | Vaults:3 | Paralysed by a great orb of eyes for 2 turns
 63128 | Vaults:3 | Identified the +6 leather armour "Sic Kie" {Dex+3 Slay+2}
 63873 | Vaults:4 | Found a portal to a secret trove of treasure.
 64098 | Vaults:4 | Reached skill level 10 in Shields
 64126 | Vaults:4 | Paralysed by a sphinx for 3 turns
 64271 | Vaults:4 | Noticed Mennas
 64477 | Vaults:4 | Noticed Boris
 65004 | Elf:1    | Entered Level 1 of the Elven Halls
 65986 | Elf:1    | Found a runed translucent gate.
 65986 | Elf:1    | Found a runed translucent gate.
 65986 | Elf:1    | Found a runed translucent gate.
 65986 | Elf:1    | Found a runed translucent gate.
 65986 | Elf:1    | Found a runed translucent gate.
 65987 | Elf:1    | Found a runed translucent gate.
 66330 | Elf:1    | Reached XP level 22. HP: 139/185 MP: 24/44
 66542 | Elf:2    | Learned a level 2 spell: Blink
 66657 | Elf:2    | Reached skill level 1 in Translocations
 66683 | Elf:2    | Identified the Papyrus of the Several Ghosts
 66733 | Elf:2    | Reached skill level 10 in Fire Magic
 66759 | Elf:2    | Found a runed translucent gate.
 66759 | Elf:2    | Found a runed translucent gate.
 66760 | Elf:2    | Found a runed translucent gate.
 66882 | Elf:2    | Found Ohyzes's Distillery.
 66893 | Elf:2    | Bought a potion of heal wounds for 70 gold pieces
 66893 | Elf:2    | Bought 2 potions of heal wounds for 140 gold pieces
 66893 | Elf:2    | Bought a potion of heal wounds for 70 gold pieces
 66893 | Elf:2    | Bought a potion of heal wounds for 70 gold pieces
 66893 | Elf:2    | Bought a potion of curing for 42 gold pieces
 66893 | Elf:2    | Bought a potion of might for 56 gold pieces
 66893 | Elf:2    | Bought a potion of might for 56 gold pieces
 66893 | Elf:2    | Bought a potion of haste for 140 gold pieces
 66893 | Elf:2    | Bought a potion of cancellation for 112 gold pieces
 67754 | Elf:3    | Entered Level 3 of the Elven Halls
 67989 | Elf:3    | Paralysed by a floating eye for 2 turns
 68083 | Elf:3    | Identified the cursed +1 short sword "Awiyrive" {freeze,
                  | +Inv}
 68568 | Elf:3    | Reached skill level 19 in Fighting
 68851 | Elf:3    | Identified the +8 dagger "Cenwosch" {flame, rElec}
 68880 | Elf:3    | Gained mutation: Scrolls take you a little longer to read.
                  | [a cacodemon]
 69506 | Elf:3    | Identified the cursed +1 chain mail of Philately {rPois
                  | Str+3 SInv}
 69726 | Elf:3    | Identified the +5 large shield of Ybiwyvue {-Tele Int+4
                  | Stlth+}
 69754 | Elf:3    | Identified the +8 shortbow of Duug {velocity, Dex+4}
 69755 | Elf:3    | Identified the Almanac of Summoning and Displacement
 69774 | Elf:3    | Identified the Almanac of Terror
 69798 | Elf:3    | Identified the Disquisition on the Voyage and the Rocks
 69809 | Elf:3    | Identified the Tome of Quantum Beguiling
 69838 | Elf:3    | Identified the +4 whip of Mihyck {slash, rC+ rN+}
 69854 | Elf:3    | Learned a level 3 spell: Lesser Beckoning
 70074 | Depths:1 | Entered Level 1 of the Depths
 70416 | D:15     | Reached XP level 23. HP: 134/196 MP: 45/45
 70748 | D:15     | Reached skill level 20 in Fighting
 70842 | Depths:1 | Identified the ring of Nudoek {rPois MP+9 EV+3 SInv Stlth-}
 71054 | Depths:1 | Identified the ring of Seskyrcho {+Inv rF- rC+ AC+1 Str+8}
 71227 | Depths:1 | Paralysed by a floating eye for 3 turns
 71266 | Depths:1 | Found Qyhinn's Weapon Emporium.
 71292 | Depths:1 | Found Ytzuelea's Jewellery Shoppe.
 71516 | Depths:1 | Found Iggici's Food Boutique.
 71529 | Depths:1 | Found a one-way gate to the infinite horrors of the Abyss.
 71796 | Depths:1 | Found a gateway to Hell.
 72147 | Depths:1 | Identified the +6 quarterstaff "Eruzamoh" {pain, Dex+2}
 72640 | Depths:2 | Reached skill level 21 in Fighting
 73063 | Depths:2 | Identified the +10 scimitar of Fury {elec, *Rage Dex+8}
 73808 | Depths:3 | Reached XP level 24. HP: 208/208 MP: 45/45
 73915 | Depths:3 | Reached skill level 15 in Armour
 73928 | Depths:3 | Noticed a juggernaut
 74077 | Depths:3 | Killed a juggernaut
 74202 | Depths:3 | Paralysed by a sphinx for 3 turns
 74436 | Depths:3 | Identified Ycso Vown's Incunabulum of Glacial Dark Rites
 74448 | Depths:3 | Learned a level 7 spell: Malign Gateway
 74841 | Depths:3 | Found a one-way gate leading to the halls of Pandemonium.
 75034 | Depths:4 | Reached skill level 5 in Translocations
 75610 | Depths:4 | Found a gateway to a ziggurat.
 75624 | Depths:4 | Got the cursed hat of Card Tricks {Int+2}
 75627 | Depths:4 | Identified the cursed +2 hat of Card Tricks {Int+2} (You
                  | acquired it on level 4 of the Depths)
 76544 | Depths:4 | Found the +3 Elemental Staff {rElec rF++ rC++ MR++ AC+5}
 76560 | Depths:4 | Identified the Papyrus of the Beekeeper
 76563 | Depths:4 | Identified Sif Muna's Disquisition on Feathers
 76570 | Depths:4 | Learned a level 4 spell: Summon Lightning Spire
 76588 | Depths:4 | Learned a level 6 spell: Deflect Missiles
 76592 | Depths:4 | Learned a level 3 spell: Regeneration
 76743 | Depths:5 | Entered Level 5 of the Depths
 76761 | Depths:5 | Reached skill level 1 in Charms
 76766 | Depths:5 | Noticed Frederick
 77238 | Depths:5 | Reached XP level 25. HP: 214/214 MP: 46/46
 77337 | Depths:5 | Identified the +1 faerie dragon scales {-Tele Regen+ rCorr
                  | Str+5}
 77337 | Depths:5 | Noticed the Enchantress
 77374 | Depths:5 | Killed the Enchantress
 77459 | Depths:5 | Found a gate to the Realm of Zot.
 77533 | Depths:5 | Killed Frederick
 78631 | Vaults:4 | Killed Mennas
 78927 | Hell     | Entered the Vestibule of Hell
 78927 | Hell     | Noticed Geryon
 79144 | Hell     | Killed Geryon
 79429 | Vaults:4 | You paid a toll of the horn of Geryon to enter a treasure
                  | trove
 79430 | Trove    | Entered a treasure trove
 79433 | Trove    | Identified the cursed ring "Minageby" {+Fly MP+9}
 79433 | Trove    | Identified the cursed ring of Past Mistakes {rCorr rElec}
 79433 | Trove    | Identified the ring "Zeycyav" {rF+ Int+6}
 79433 | Trove    | Identified the ring "Fyda" {rCorr *Corrode rC+ Int+7}
 79433 | Trove    | Identified the ring of Urgh {EV+3 Str+4 Dex+2}
 79434 | Trove    | Identified the cursed ring "Wis Ydgh" {+Fly Str+3}
 79434 | Trove    | Identified the cursed ring "Senaehyi" {rN+ Str+3 Stlth+}
 79434 | Trove    | Identified the cursed amulet of Eternal Harmony {RegenMP
                  | rElec rC++ Dex-2 SInv}
 79434 | Trove    | Identified the amulet "Opuyhu" {Reflect rPois MR- Int+6
                  | SH+3 SInv}
 79529 | Vaults:5 | Entered Level 5 of the Vaults
 79946 | Vaults:5 | Reached skill level 10 in Summonings
 80113 | Vaults:5 | Reached XP level 26. HP: 206/224 MP: 31/48
 80172 | Vaults:5 | Found the +27 Lear's hauberk
 80206 | Vaults:5 | Reached skill level 22 in Fighting
 80366 | Vaults:5 | Identified the ring of Equivalence {+Blink rF- rN+ Int+10
                  | Stlth+}
 81157 | Vaults:5 | Identified the cursed -4 pair of boots of New Discoveries
                  | {rPois rF++ SInv Stlth+}
 81529 | Vaults:5 | Identified the +6 great sword of the Nine Runes {flame,
                  | rN+}
 81567 | Vaults:5 | Identified the +1 shield "Boost" {rPois}
 81881 | Vaults:5 | Got a silver rune of Zot
 82050 | Vaults:3 | Killed temitten's ghost
 82381 | Zig:1    | Entered Level 1 of a ziggurat
 82395 | Zig:2    | Entered Level 2 of a ziggurat
 82395 | Zig:2    | Noticed Paevecru the pandemonium lord
 82401 | Zig:2    | Killed Paevecru the pandemonium lord
 82410 | Zig:3    | Entered Level 3 of a ziggurat
 82449 | Zig:4    | Entered Level 4 of a ziggurat
 82449 | Zig:4    | Identified the ring "Badaj" {rF+ MR+ Slay+2}
 82488 | Zig:5    | Entered Level 5 of a ziggurat
 82509 | Zig:5    | Identified the ring of Pafak {rPois rF+ Str+4 Dex+2 SInv}
 82552 | Zig:6    | Entered Level 6 of a ziggurat
 82554 | Zig:6    | Identified the +4 plate armour of Good Intentions {+Blink
                  | rElec rF+ Dex+3}
 82555 | Zig:6    | Identified the +6 chain mail of the Mutiny {rF+ rCorr
                  | Dex+2}
 82573 | Zig:6    | Reached skill level 23 in Fighting
 82644 | Zig:7    | Entered Level 7 of a ziggurat
 82647 | Zig:7    | Noticed a Killer Klown
 82652 | Zig:7    | Noticed Qytel the pandemonium lord
 82655 | Zig:7    | Noticed a Killer Klown
 82660 | Zig:7    | Noticed a Killer Klown
 82664 | Zig:7    | Killed a Killer Klown
 82762 | Zot:1    | Entered Level 1 of the Realm of Zot
 83173 | Zot:1    | Found a runed translucent gate.
 83173 | Zot:1    | Found a runed translucent gate.
 83173 | Zot:1    | Found a runed translucent gate.
 83174 | Zot:1    | Noticed Shaidar's ghost (veteran MiBe)
 83183 | Zot:1    | Identified the +0 pair of boots of Indomitability {Slay+5}
 84117 | Zot:2    | Reached skill level 24 in Fighting
 84201 | Zot:2    | Reached XP level 27. HP: 233/238 MP: 45/48
 84791 | Zot:2    | Reached skill level 15 in Axes
 85139 | Zot:3    | Found a runed translucent gate.
 85139 | Zot:3    | Found a runed translucent gate.
 85140 | Zot:3    | Found a runed translucent gate.
 85143 | Zot:3    | Noticed Itiy's ghost (legendary GrEE)
 86884 | Zot:5    | Entered Level 5 of the Realm of Zot
 87607 | Zot:5    | Noticed an ancient lich
 87627 | Zot:5    | Killed an ancient lich
 87667 | Zot:5    | Noticed an ancient lich
 87672 | Zot:5    | Killed an ancient lich
 87676 | Zot:5    | Noticed an ancient lich
 87682 | Zot:5    | Killed an ancient lich
 87683 | Zot:5    | Noticed an ancient lich
 87684 | Zot:5    | Killed an ancient lich
 87724 | Zot:5    | Reached skill level 25 in Fighting
 87842 | Zot:5    | Noticed an orb of fire
 87854 | Zot:5    | Killed an orb of fire
 87855 | Zot:5    | Killed an orb of fire
 87918 | Zot:5    | Noticed an orb of fire
 87918 | Zot:5    | Noticed an orb of fire
 87945 | Zot:5    | Killed an orb of fire
 87992 | Zot:5    | Noticed an ancient lich
 88012 | Zot:5    | Killed an ancient lich
 88213 | Zot:5    | Gained mutation: You are clumsy. (Dex -2) [an orb of fire]
 88231 | Zot:5    | Killed an orb of fire
 88568 | Zot:5    | Got the Orb of Zot
 88787 | Depths:5 | Learned a level 2 spell: Passwall
 88787 | Depths:5 | Noticed Owamebb the pandemonium lord
 88801 | Depths:5 | Noticed Vuogix the pandemonium lord
 88938 | Depths:1 | Reached skill level 1 in Earth Magic
 89043 | D:10     | Noticed Vudeph the pandemonium lord
 89258 | D:$      | Escaped with the Orb!
